 Dungeon Crawl Stone Soup version 0.24.0-125-gc4c63601f3 (webtiles) character file.

Game seed: 1157640331295221735, levelgen mode: deterministic

23954 Nygeryga the Warrior (level 12, -30/130 HPs)
             Began as a Minotaur Berserker on Feb 29, 2020.
             Was a High Priest of Trog.
             Annihilated by a titanic slime creature (58 damage)
             ... on level 1 of the Swamp.
             The game lasted 00:35:36 (16038 turns).

Nygeryga the Warrior (Minotaur Berserker)          Turns: 16038, Time: 00:35:37

Health: -30/130    AC: 15    Str: 27    XL:     12   Next: 76%
Magic:  0/11       EV:  8    Int:  4    God:    Trog [*****.]
Gold:   921        SH:  5    Dex: 14    Spells: 11/11 levels left

rFire    . . .     SeeInvis .   y - +7 demon whip "Lenior" {freeze, Dex+4}
rCold    . . .     Gourm    .   I - +0 buckler
rNeg     . . .     Faith    .   i - +0 plate armour
rPois    +         Spirit   +   (helmet restricted)
rElec    .         Reflect  .   F - +0 cloak {+Inv}
rCorr    .         Harm     .   U - +0 pair of gloves
MR       .....                  A - +1 pair of boots {Stlth+}
Stlth    ..........             q - amulet of guardian spirit
HPRegen  0.31/turn              o - ring of poison resistance
MPRegen  0.12/turn              g - ring of stealth

@: no status effects
A: retaliatory headbutt, horns 2
a: Berserk, Trog's Hand, Brothers in Arms, Renounce Religion, Evoke Invisibility


You were on level 1 of the Swamp.
You worshipped Trog.
Trog was extremely pleased with you.
You were hungry.

You visited 3 branches of the dungeon, and saw 15 of its levels.

You collected 921 gold pieces.

Inventory:

Hand Weapons
 a - a +0 mace
 r - a +3 flail of protection
 y - the +7 demon whip "Lenior" (weapon) {freeze, Dex+4}
   (You acquired it on level 4 of the Lair of Beasts)

   It has been specially enchanted to freeze those struck by it, causing extra
   injury to most foes and up to half again as much damage against particularly
   susceptible opponents.
   It can also slow down cold-blooded creatures.
   It affects your dexterity (+4).
 Q - a +1 dire flail of crushing
Armour
 b - a +0 animal skin
 f - a +0 leather armour
 i - a +0 plate armour (worn)
 A - a +1 pair of boots of stealth (worn)
 F - a +0 cloak of invisibility (worn)
 I - a +0 buckler (worn)
 U - a +0 pair of gloves (worn)
 W - a +0 pair of boots
Jewellery
 g - a ring of stealth (right hand)
 n - a +2 ring of slaying
 o - a ring of poison resistance (left hand)
 q - an amulet of guardian spirit (around neck)
 E - a cursed ring of attention
 L - an uncursed ring of flight
 T - an uncursed ring of ice
 V - an uncursed ring of flight
Wands
 C - a wand of disintegration (6)
 G - a wand of random effects (21)
 J - a wand of digging (11)
 K - a wand of polymorph (15)
 M - a wand of iceblast (5)
Scrolls
 e - 2 scrolls of magic mapping
 t - a scroll of random uselessness
 w - 8 scrolls of remove curse
 x - 3 scrolls of fog
 B - a scroll of fear
 N - 3 scrolls of teleportation
Potions
 d - 5 potions of brilliance
 h - 5 potions of heal wounds
 j - 7 potions of lignification
 k - 4 potions of ambrosia
 l - 2 potions of agility
 m - 3 potions of curing
 p - 2 potions of magic
 s - a potion of mutation
 u - a potion of degeneration
 v - a potion of experience
 z - 2 potions of might
 O - a potion of berserk rage
 P - a potion of haste
 R - a potion of invisibility
Comestibles
 c - 29 rations


   Skills:
 * Level 19.5 Fighting
 - Level 14.0 Maces & Flails
 + Level 3.0 Armour
 - Level 2.1 Dodging
 + Level 4.4 Shields


You had 11 spell levels left.
You didn't know any spells.
Your spell library was empty.

Dungeon Overview and Level Annotations

Branches:
Dungeon (10/15)            Temple (0/1) D:5            Lair (4/6) D:9
  Swamp (1/4) Lair:4        Snake (0/4) Lair:4          Orc (0/2) D:10

Altars:
Ashenzari
Dithmenos
Fedhas
Okawaru
Qazlal
Sif Muna
Xom
Yredelemnul

Shops:
D:6 ?

Annotations:
D:4 exclusion: oklob plant
D:5 3 runed translucent doors, Quickbrownfox's ghost, novice OpTm
D:7 exclusion: oklob plant


Innate Abilities, Weirdness & Mutations

You reflexively headbutt those who attack you in melee.
You have a pair of horns on your head.


Message History

The titanic slime creature is moderately wounded.
You hit the titanic slime creature. You freeze the titanic slime creature.
The titanic slime creature is moderately wounded.
You thrash the titanic slime creature!! You freeze the titanic slime creature!
You headbutt the titanic slime creature.
The titanic slime creature is heavily wounded.
The titanic slime creature hits you!!!!
Ouch! That really hurt!
* * * LOW HITPOINT WARNING * * *
You completely miss the titanic slime creature.
The titanic slime creature is heavily wounded.
You whack the titanic slime creature! You freeze the titanic slime creature.
The titanic slime creature is heavily wounded.
The titanic slime creature barely misses you.
You hit the titanic slime creature. You freeze the titanic slime creature.
The titanic slime creature is heavily wounded.
You whack the titanic slime creature! You freeze the titanic slime creature.
The titanic slime creature is severely wounded.
The titanic slime creature hits you!!!
You die...

.≈≈.♣.≈. . .....≈.
≈≈ .≈≈≈.♣ ♣. ≈≈♣≈♣
♣≈≈♣..≈♣ ♣...≈.♣♣
♣..≈≈.♣ ♣≈≈J♣♣
♣.♣♣@♣ ♣.≈..♣♣
♣.≈...♣ ♣≈≈.≈§♣♣
♣......♣♣ .
♣♣.≈≈≈♣..♣♣♣♣♣§.≈
♣≈.≈≈≈♣≈♣...≈≈.≈♣
♣≈..≈≈..♣♣♣.♣.....
♣.≈≈≈≈≈..≈..≈.♣≈≈≈


You could see a titanic slime creature.

Vanquished Creatures
  3 hydras
  Harold (Lair:2)
  3 death yaks
  A two-headed ogre (D:9)
  Urug (Lair:4)
  Joseph (D:10)
  Maurice (D:10)
  Psyche (D:10)
  2 black mambas
  A centaur skeleton (D:10)
  6 spiny frogs
  A gargoyle (D:10)
  3 komodo dragons
  A troll (D:10)
  A bog body (Lair:4)
  Prince Ribbit (D:9)
  2 tyrant leeches (Swamp:1)
  4 slime creatures (Swamp:1)
  3 hippogriffs
  3 wyverns
  15 yaks
  2 basilisks (Lair:2)
  4 hogs (D:7)
  A human (D:7)
  A hungry ghost (D:7)
  2 nagas (Lair:4)
  Edmund (D:4)
  3 porcupines
  6 water moccasins
  A swamp drake (Swamp:1)
  3 sky beasts
  An orc warrior (D:9)
  An eye of draining (D:10)
  A black bear (D:6)
  A phantom (D:5)
  4 ogres
  4 centaurs
  4 wolves (Lair:4)
  10 crocodiles
  A big kobold (D:9)
  12 bullfrogs
  2 wyvern skeletons
  15 killer bees
  5 scorpions
  An electric eel (Lair:2)
  6 crimson imps
  A centaur zombie (D:6)
  A lava snake (Lair:3)
  3 bullfrog zombies
  4 hounds
  9 jellies
  Jessica (D:3)
  A bullfrog skeleton (D:10)
  3 iguanas
  10 worker ants
  12 orc wizards
  2 hell rats (D:9)
  A hound zombie (D:7)
  A worker ant zombie (D:9)
  Robin (D:3)
  19 adders
  12 gnolls
  A river rat (D:8)
  A shadow imp (D:9)
  13 oozes
  3 adder skeletons
  2 worms
  2 dart slugs
  3 leopard geckos
  31 orcs
  20 bats
  5 giant cockroaches
  12 goblins
  13 hobgoblins
  28 jackals
  4 quokkas
  A ball python (D:2)
  4 frilled lizards
  8 kobolds
  2 leopard gecko skeletons
  9 rats
  A fungus (Lair:4)
391 creatures vanquished.

Vanquished Creatures (others)
  10 fungi
  10 toadstools (D:4)
20 creatures vanquished.

Grand Total: 411 creatures vanquished

Notes
Turn   | Place    | Note
-------+----------+-------------------------------------------
     0 | D:1      | Nygeryga the Minotaur Berserker began the quest for the
                  | Orb.
     0 | D:1      | Reached XP level 1. HP: 19/19 MP: 0/0
   148 | D:1      | Reached skill level 4 in Fighting
   161 | D:1      | Reached XP level 2. HP: 27/27 MP: 1/1
   835 | D:2      | Reached XP level 3. HP: 25/35 MP: 2/2
  1010 | D:2      | Reached skill level 5 in Fighting
  1150 | D:2      | Reached ** piety under Trog
  1563 | D:2      | Reached XP level 4. HP: 42/42 MP: 3/3
  1897 | D:3      | Reached skill level 6 in Fighting
  1897 | D:3      | Reached XP level 5. HP: 49/50 MP: 4/4
  1968 | D:3      | Reached skill level 5 in Maces & Flails
  1972 | D:3      | Noticed Robin
  1987 | D:3      | Killed Robin
  2097 | D:3      | Noticed Jessica
  2103 | D:3      | Killed Jessica
  2492 | D:3      | Reached *** piety under Trog
  2751 | D:4      | Reached skill level 7 in Fighting
  2751 | D:4      | Reached XP level 6. HP: 50/60 MP: 3/5
  2982 | D:3      | Reached skill level 8 in Fighting
  3184 | D:4      | Reached XP level 7. HP: 68/68 MP: 6/6
  3250 | D:4      | Found a shimmering altar of Xom.
  3250 | D:4      | Found a shattered altar of Ashenzari.
  3250 | D:4      | Found a stormy altar of Qazlal.
  3250 | D:4      | Found a basalt altar of Yredelemnul.
  3297 | D:4      | Noticed Edmund
  3303 | D:4      | Killed Edmund
  3385 | D:4      | Found a shimmering blue altar of Sif Muna.
  3461 | D:4      | Found a blossoming altar of Fedhas.
  3483 | D:4      | Noticed an oklob plant
  3770 | D:5      | Entered Level 5 of the Dungeon
  3840 | D:5      | Reached skill level 9 in Fighting
  3941 | D:5      | Found a runed translucent gate.
  3941 | D:5      | Found a runed translucent gate.
  3941 | D:5      | Found a runed translucent gate.
  4241 | D:5      | Found a staircase to the Ecumenical Temple.
  4310 | D:5      | Reached skill level 10 in Fighting
  4310 | D:5      | Reached XP level 8. HP: 63/79 MP: 5/7
  4522 | D:5      | Reached **** piety under Trog
  4717 | D:5      | Noticed Quickbrownfox's ghost (novice OpTm)
  5020 | D:6      | Reached skill level 11 in Fighting
  5560 | D:6      | Found an iron altar of Okawaru.
  5615 | D:6      | Reached XP level 9. HP: 89/90 MP: 8/8
  5657 | D:6      | Found Wuoklimn's Magic Scroll Emporium.
  5826 | D:7      | Reached skill level 12 in Fighting
  6484 | D:7      | Reached skill level 13 in Fighting
  6489 | D:7      | Reached skill level 10 in Maces & Flails
  6494 | D:7      | Reached ***** piety under Trog
  6774 | D:7      | Found a shadowy altar of Dithmenos.
  6866 | D:7      | Noticed an oklob plant
  7316 | D:8      | Reached XP level 10. HP: 92/102 MP: 9/9
  7729 | D:8      | Reached skill level 14 in Fighting
  7887 | D:9      | Noticed a death yak
  7887 | D:9      | Noticed a death yak
  7887 | D:9      | Noticed Prince Ribbit
  7893 | D:9      | Noticed a death yak
  7894 | D:9      | Killed Prince Ribbit
  7904 | D:9      | Killed a death yak
  7913 | D:9      | Killed a death yak
  8291 | D:8      | Killed a death yak
  8291 | D:8      | Reached skill level 15 in Fighting
  8556 | D:9      | Found a staircase to the Lair.
  8640 | D:9      | Noticed a two-headed ogre
  8647 | D:9      | Killed a two-headed ogre
  8941 | D:9      | You fall into a shaft and drop 1 floor!
  8941 | D:10     | Entered Level 10 of the Dungeon
  8956 | D:10     | Reached XP level 11. HP: 114/114 MP: 7/10
  9370 | D:10     | Reached skill level 16 in Fighting
  9378 | D:10     | Noticed Psyche
  9387 | D:10     | Killed Psyche
  9395 | D:10     | Found a staircase to the Orcish Mines.
  9551 | D:10     | Noticed Maurice
  9552 | D:10     | Paralysed by Maurice for 4 turns
  9553 | D:10     | Noticed Joseph
  9565 | D:10     | Killed Joseph
  9620 | D:10     | Killed Maurice
 10050 | D:10     | Found the +7 Singing Sword {slice, sonic wave}
 10555 | D:9      | Reached skill level 1 in Shields
 10659 | D:9      | Received a gift from Trog
 10897 | Lair:1   | Entered Level 1 of the Lair of Beasts
 11647 | Lair:2   | Reached skill level 17 in Fighting
 11910 | Lair:2   | Found a gate leading to a gauntlet.
 11943 | Lair:2   | Noticed Harold
 11956 | Lair:2   | Killed Harold
 13202 | Lair:3   | Reached XP level 12. HP: 119/125 MP: 11/11
 13996 | Lair:4   | Noticed an eight-headed hydra
 14008 | Lair:4   | Killed an eight-headed hydra
 14107 | Lair:4   | Found a staircase to the Swamp.
 14108 | Lair:4   | Noticed Urug
 14128 | Lair:4   | Reached skill level 18 in Fighting
 14149 | Lair:4   | Killed Urug
 14437 | Lair:4   | Found a staircase to the Snake Pit.
 15262 | Lair:4   | Noticed a five-headed hydra
 15274 | Lair:4   | Killed a five-headed hydra
 15274 | Lair:4   | Reached skill level 19 in Fighting
 15852 | Lair:4   | Identified 2 scrolls of acquirement
 15853 | Lair:4   | Got a pitted demon whip
 15888 | Lair:4   | Identified the +7 demon whip "Lenior" {freeze, Dex+4} (You
                  | acquired it on level 4 of the Lair of Beasts)
 15906 | Swamp:1  | Entered Level 1 of the Swamp
 16016 | Swamp:1  | Noticed an eight-headed hydra
 16022 | Swamp:1  | Killed an eight-headed hydra
 16038 | Swamp:1  | Annihilated by a titanic slime creature

Levels and vault maps discovered:
D:1:      noname_arrival_rooms_in_the_neighbourhood, layout_basic
D:2:      layout_loops_corners, grunt_ministairs_1, minmay_parallelograms,
          minmay_misc_feat_tower
D:3:      layout_basic, uniq_robin, uniq_jessica
D:4:      layout_cave_pools, nicolae_overflow_hidden_temple,
          grunt_temple_overflow_cloverleaf, minmay_hedge_maze, tgw_fedhas,
          uniq_edmund
D:5:      layout_loops_corners, minmay_temple_entry_junction, first_ration,
          gammafunk_ghost_icy, minmay_misc_feat_more_columns, grunt_tough_drop
D:6:      layout_loops_corners, okawaru_altar_gauntlet_db, serial_shops,
          shop_scrolls
D:7:      lemuel_slime, layout_loops_ring, basic_altar, grunt_livestock,
          kennysheep_generic_room_6
D:8:      layout_basic
D:9:      layout_cave_pools, dpeg_lair_monsters,
          hangedman_decor_clover_reticule, uniq_prince_ribbit1
D:10:     old_forge, layout_cave_pools, hangedman_corner_corridor, uniq_joseph,
          uniq_maurice, uniq_psyche
Lair:1:   layout_chaotic_city, guppyfry_lair_drakes
Lair:2:   layout_roguey, gauntlet_entry_generic, serial_bayou_shore_a,
          serial_bayou_shore_b, grunt_megastairs_4, infiniplex_staircase_pool_2,
          uniq_harold
Lair:3:   layout_gridlike
Lair:4:   layout_cave_pods, skrybe_swamp_entry_bodies,
          guppyfry_snake_entry_island, lemuel_fruit_tree, uniq_urug
Swamp:1:  layout_falls_marsh, lemuel_altar_in_water, uniq_nikola,
          uniq_josephine, uniq_louise, uniq_frances

Skill      XL: |  1  2  3  4  5  6  7  8  9 10 11 12 |
---------------+-------------------------------------+-----
Fighting       | 4 5 6 7 8 10 11 13 15 17 19 | 19.5
Maces & Flails | 4 5 6 7 8 10 12 13 14 | 14.0
Shields        | 4 |  4.4
Armour         | 3 |  3.0
Dodging        | |  2.1

Action                   |  1- 3 |  4- 6 |  7- 9 | 10-12 || total
-------------------------+-------+-------+-------+-------++-------
Melee: Mace              |    89 |   156 |    13 |       ||   258
       Headbutt          |    12 |    26 |    65 |   144 ||   247
       Flail             |       |       |   343 |   602 ||   945
       Demon whip        |       |       |       |    39 ||    39
Invok: Berserk           |       |     2 |     2 |     5 ||     9
  Use: Scroll            |       |     6 |     9 |    16 ||    31
 Stab: Held in net/web   |       |       |       |     1 ||     1
  Eat: Chunk             |     2 |     4 |     5 |    10 ||    21
       Ration            |       |     1 |     4 |     6 ||    11
Armor: Animal skin       |     9 |       |       |       ||     9
       Leather armour    |     1 |       |       |       ||     1
       Plate armour      |    37 |   116 |   225 |   387 ||   765
Dodge: Dodged            |    51 |    57 |   133 |   211 ||   452
Block: Buckler           |       |       |       |    51 ||    51
